 Dungeon Sprint DCSS version 0.29-a0-664-gff9cad4a3d (webtiles) character file.

Game seed: 17609322091831230444

65810 wilfster70 the Slayer (level 14, -8/157 HPs)
             Began as a Minotaur Fighter on June 22, 2022.
             Was an Initiate of Gozag.
             Killed from afar by Jory (96 damage)
             ... with a crystal spear
             ... in the Dungeon (Sprint IX: "|||||||||||||||||||||||||||||") on June 23, 2022.
             The game lasted 00:22:23 (5513 turns).

wilfster70 the Slayer (Minotaur Fighter)            Turns: 5513, Time: 00:22:23

Health: -8/157     AC: 33    Str: 34    XL:     14   Next: 76%
Magic:  4/13       EV: 14    Int:  3    God:    Gozag
Gold:   7019       SH: 15    Dex: 10    Spells: 13/13 levels left

rFire   + . .      SeeInvis +   a - +5 broad axe (vorpal)
rCold   + . .      Faith    .   I - +0 kite shield {rF+}
rNeg    + + .      Spirit   .   z - +1 plate armour {rPois}
rPois   +          Reflect  .   (helmet restricted)
rElec   +          Harm     .   A - +2 cloak {Will+}
rCorr   .          Rampage  .   m - +2 pair of gloves
Will    +++..      NoTele   +   p - +2 pair of boots of Recklessness {*Slow rN++}
Stlth   ..........              (no amulet)
HPRegen 0.36/turn               x - ring of protection from cold
MPRegen 0.13/turn               n - ring "Cuetib" {rElec Will+ Str+8 Int-2 SInv}

@: no status effects
A: horns 2, retaliatory headbutt
a: Renounce Religion, Potion Petition, Call Merchant, Bribe Branch


You were in the Dungeon.
You worshipped Gozag.
Gozag was greatly pleased with you.
You visited 1 branch You collected 17420 gold pieces.
You spent 3176 gold pieces at shops.
You paid 7225 gold pieces to Gozag.

Inventory:

Hand Weapons
 a - a +5 vorpal broad axe (weapon)
 b - a +2 vorpal morningstar
Missiles
 o - 2 throwing nets
 v - 4 atropa-tipped darts (quivered)
Armour
 m - a +2 pair of gloves (worn)
 p - the +2 pair of boots of Recklessness (worn) {*Slow rN++}
   (You bought it in a shop in the Dungeon)

   rN:        It greatly protects you from negative energy.
   *Slow:     It may slow you when you take damage.
 z - a +1 plate armour of poison resistance (worn)
 A - a +2 cloak of willpower (worn)
 I - a +0 kite shield of fire resistance (worn)
Jewellery
 n - the ring "Cuetib" (right hand) {rElec Will+ Str+8 Int-2 SInv}
   (You bought it in a shop in the Dungeon)

   [ring of willpower]

   Str:       It affects your strength (+8).
   Int:       It affects your intelligence (-2).
   rElec:     It insulates you from electricity.
   SInv:      It lets you see invisible.
   Will:      It increases your willpower.
 x - a ring of protection from cold (left hand)
Wands
 k - a wand of flame (22)
 l - a wand of iceblast (1)
Scrolls
 j - 3 scrolls of blinking
 q - 2 scrolls of amnesia
 r - 3 scrolls of identify
 H - a scroll of fog
Potions
 d - 2 potions of flight
 e - 10 potions of curing
 g - 2 potions of haste
 h - 4 potions of magic
 i - 2 potions of invisibility
 s - 2 potions of heal wounds
 t - 2 potions of might
 w - 2 potions of berserk rage
 E - a potion of resistance
 F - 2 potions of brilliance
Miscellaneous
 u - a phantom mirror
 G - a tin of tremorstones (inert)


   Skills:
 + Level 23.5 Fighting
 - Level 18.0 Axes
 + Level 23.0 Armour
 + Level 18.6 Dodging
 + Level 21.0 Shields
 + Level 15.7 Evocations


You had 13 spell levels left.
You didn't know any spells.
Your spell library was empty.

Dungeon Overview and Level Annotations

Branches:
Dungeon (1/1)

Altars:
Cheibriados
Dithmenos
Elyvilon
Fedhas
Gozag
Hepliaklqana
Kikubaaqudgha
Makhleb
Nemelex Xobeh
Okawaru
Qazlal
Ru
Sif Muna
Trog
Uskayaw
Vehumet
Wu Jian
Xom
Yredelemnul
Zin
The Shining One
Beogh
Jiyva
Lugonu

Shops:
D [[:=(*=*[[

Annotations:
D Jory, Mara


Innate Abilities, Weirdness & Mutations

You have a pair of horns on your head.
You reflexively headbutt those who attack you in melee.


Message History

The burst of rock shards engulfs Mara but does no damage. x2
The burst of rock shards engulfs Mara!
The burst of rock shards engulfs Mara but does no damage.
Mara shimmers.
Mara shimmers and seems to become two!
Mara blinks!
You closely miss Jory.
Mara hits you from afar with a +0 antimagic demon trident.
Jory hits you with a +3 antimagic battleaxe.
Jory closely misses you. You block Mara's attack.
You slice Jory!! Your headbutt misses Jory.
Jory is lightly damaged.
Jory mumbles some strange words.
Jory attempts to bespell you!
You easily resist.
Mara hits you from afar with a +0 antimagic demon trident.
You feel your power leaking away.
You slash Jory! You headbutt Jory, but do no damage.
Jory is moderately damaged.
Mara blinks! x2
Jory hits you with a +3 antimagic battleaxe!!
You feel your power leaking away. Jory closely misses you.
The tremorstone explodes into fragments!
The burst of rock shards engulfs Mara.
The burst of rock shards engulfs Jory.
The burst of rock shards engulfs Mara but does no damage.
The burst of rock shards engulfs you but does no damage.
The burst of rock shards engulfs Jory!
The burst of rock shards engulfs Mara.
The burst of rock shards engulfs you but does no damage.
The burst of rock shards engulfs Mara!
The burst of rock shards engulfs Jory but does no damage.
The burst of rock shards engulfs Mara!
The burst of rock shards engulfs Jory!!
The tin is emptied!
You block Jory's attack. x2; Mara blinks!
You slash Jory! You headbutt Jory, but do no damage.
Jory is heavily damaged.
You slice Jory!! Your headbutt misses Jory.
Jory is almost destroyed.
Jory casts a spell at you. The crystal spear hits you!!!!
Ouch! That really hurt!
You die...
Your body crumbles into a pile of gold.

.▓.▓.▓.▓.▓.▓.▓.▓.▓
.▓.▓.▓.▓.▓.▓.▓.▓.▓
.▓.▓.▓.▓.▓.▓.▓.▓.▓
.▓.▓.▓.▓.▓.▓.▓.▓.▓
.▓.▓.▓.▓.▓.▓.▓.▓.▓
.▓.▓.▓.▓.▓.▓.▓.▓.▓
.▓.▓.▓.▓.▓.▓.▓.▓R▓
.▓.▓.▓.▓.▓.▓.▓.▓V▓
.▓'▓)▓'▓.▓.▓.▓'▓@▓
.▓.▓.▓.▓.▓.▓.▓.▓.▓
.▓.▓.▓.▓.▓.▓.▓.▓.▓
.▓.▓.▓.▓.▓'▓.▓.▓R▓
$
.▓.▓.▓.▓.♣.♣.▓.▓.▓
.▓.▓.▓.▓.♣.♣.▓.▓R▓
.▓[▓.▓.▓.♣.♣.▓.▓.▓
.▓[▓.▓)▓.♣.♣.▓.▓.▓
)▓∩▓.▓(▓.♣.♣.▓.▓


You could see Jory and 3 Maras.

Vanquished Creatures
  A lich (D)
  Frances (D)
  A sphinx (D)
  Kirke (D)
  3 vault wardens (D)
  2 frost giants (D)
  A very ugly thing (D)
  3 ironbound preservers (D)
  4 stone giants (D)
  3 bunyips (D)
  3 entropy weavers (D)
  6 ettins (D)
  2 great orbs of eyes (D)
  2 fire dragons (D)
  A yaktaur captain (D)
  A merfolk impaler (D)
  3 hydras (D)
  Harold (D)
  2 ironbound frosthearts (D)
  A spriggan air mage (D)
  2 centaur warriors (D)
  An ogre mage (D)
  Erica (D)
  2 rakshasas (D)
  2 deep troll shamans (D)
  An alligator (D)
  2 tengu warriors (D)
  2 shock serpents (D)
  A naga sharpshooter (D)
  Nergalle (D)
  A sun moth (D)
  2 salamander mystics (D)
  2 goliath frogs (D)
  A spriggan druid (D)
  3 steelbarb worms (D)
  A naga ritualist (D)
  An ironbound convoker (D)
  8 orc knights (D)
  A lindwurm (D)
  An orc sorcerer (D)
  2 wolf spiders (D)
  2 ugly things (D)
  2 manticores (D)
  A faun (shapeshifter) (D)
  3 cyclopes (D)
  Maurice (D)
  2 elephants (D)
  A naga mage (D)
  2 black mambas (D)
  2 vault sentinels (D)
  2 cane toads (D)
  A rime drake (D)
  2 komodo dragons (D)
  A freezing wraith (D)
  An efreet (D)
  2 merfolk (D)
  5 polar bears (D)
  2 wind drakes (D)
  A tarantella (shapeshifter) (D)
  2 blink frogs (D)
  A snapping turtle (D)
  6 slime creatures (D)
  A culicivora (D)
  A wraith (D)
  A shadow (D)
  A hog (shapeshifter) (D)
  2 yaks (D)
  2 hogs (D)
  3 water moccasins (D)
  A naga (D)
  16 orc warriors (D)
  3 black bears (D)
  An ice beast (D)
  A kobold brigand (D)
  3 bullfrogs (D)
  2 killer bees (D)
  5 orc priests (D)
  An iguana (D)
  2 orc wizards (D)
  A shadow imp (D)
  A dart slug (D)
  8 orcs (D)
  An endoplasm (D)
  A giant cockroach (D)
  2 quokkas (D)
  A bat (D)
183 creatures vanquished.

Vanquished Creatures (others)
  A human (D)
1 creature vanquished.

Grand Total: 184 creatures vanquished

Notes
Turn   | Place    | Note
-------+----------+-------------------------------------------
     0 | D        | wilfster70 the Minotaur Fighter began the quest for the
                  | Orb.
     0 | D        | Reached XP level 1. HP: 19/19 MP: 0/0
    34 | D        | Noticed an ice beast
    34 | D        | Noticed an iguana
    37 | D        | Killed an iguana
    38 | D        | Reached skill level 5 in Axes
    38 | D        | Reached XP level 2. HP: 28/28 MP: 1/1
    38 | D        | Reached XP level 3. HP: 35/35 MP: 2/2
    40 | D        | Killed an ice beast
    41 | D        | Reached XP level 4. HP: 44/44 MP: 3/3
   125 | D        | Found a snail-covered altar of Cheibriados.
   125 | D        | Found a shadowy altar of Dithmenos.
   125 | D        | Found a white marble altar of Elyvilon.
   125 | D        | Found a blossoming altar of Fedhas.
   125 | D        | Found an opulent altar of Gozag.
   126 | D        | Found a hazy altar of Hepliaklqana.
   127 | D        | Found a viscous altar of Jiyva.
   128 | D        | Found an ancient bone altar of Kikubaaqudgha.
   129 | D        | Found a corrupted altar of Lugonu.
   130 | D        | Found a burning altar of Makhleb.
   131 | D        | Found a sparkling altar of Nemelex Xobeh.
   132 | D        | Found an iron altar of Okawaru.
   133 | D        | Became a worshipper of Gozag Ym Sagoz the Greedy
   134 | D        | Found a stormy altar of Qazlal.
   135 | D        | Found a sacrificial altar of Ru.
   136 | D        | Found a shimmering blue altar of Sif Muna.
   137 | D        | Found a bloodstained altar of Trog.
   138 | D        | Found a hide-covered altar of Uskayaw.
   139 | D        | Found a radiant altar of Vehumet.
   140 | D        | Found an ornate altar of the Wu Jian Council.
   141 | D        | Found a shimmering altar of Xom.
   142 | D        | Found a basalt altar of Yredelemnul.
   143 | D        | Found a glowing silver altar of Zin.
   144 | D        | Found a glowing golden altar of the Shining One.
   189 | D        | Noticed a wraith
   189 | D        | Noticed an orc warrior
   189 | D        | Noticed a yak
   189 | D        | Noticed a kobold brigand
   193 | D        | Reached XP level 5. HP: 51/51 MP: 4/4
   199 | D        | Killed a yak
   200 | D        | Reached skill level 10 in Axes
   200 | D        | Reached XP level 6. HP: 58/62 MP: 5/5
   209 | D        | Killed an orc warrior
   212 | D        | Reached XP level 7. HP: 48/69 MP: 6/6
   217 | D        | Killed a wraith
   333 | D        | Noticed a slime creature
   333 | D        | Noticed a cyclops
   333 | D        | Noticed a brown ugly thing
   333 | D        | Noticed a slime creature
   333 | D        | Noticed a centaur warrior
   333 | D        | Noticed a shadow
   334 | D        | Killed a shadow
   340 | D        | Killed a centaur warrior
   341 | D        | Reached skill level 10 in Fighting
   341 | D        | Reached skill level 10 in Armour
   341 | D        | Reached skill level 10 in Shields
   341 | D        | Reached XP level 8. HP: 68/81 MP: 7/7
   343 | D        | Killed a slime creature
   356 | D        | Killed a brown ugly thing
   357 | D        | Reached skill level 15 in Axes
   357 | D        | Reached XP level 9. HP: 12/89 MP: 8/8
   360 | D        | Killed a cyclops
   732 | D        | Noticed Erica
   741 | D        | Killed Erica
   860 | D        | Noticed Maurice
   879 | D        | Killed Maurice
   880 | D        | Reached skill level 1 in Dodging
   971 | D        | Noticed a komodo dragon
   971 | D        | Noticed a cane toad
   971 | D        | Noticed a black mamba
   975 | D        | Killed a black mamba
   975 | D        | Noticed an elephant
   978 | D        | Reached XP level 10. HP: 101/101 MP: 9/9
   979 | D        | Killed a cane toad
  1004 | D        | Killed an elephant
  1005 | D        | Reached skill level 5 in Dodging
  1151 | D        | Noticed a six-headed hydra
  1159 | D        | Killed a six-headed hydra
  1161 | D        | Noticed an elephant
  1164 | D        | Noticed a cane toad
  1175 | D        | Killed an elephant
  1176 | D        | Reached skill level 15 in Fighting
  1176 | D        | Reached skill level 15 in Armour
  1189 | D        | Killed a cane toad
  1271 | D        | Reached XP level 11. HP: 94/114 MP: 10/10
  1591 | D        | Bought the ring "Cuetib" {rElec Will+ Str+8 Int-2 SInv} for
                  | 725 gold pieces
  1615 | D        | Noticed an orc knight
  1615 | D        | Noticed an orc knight
  1656 | D        | Killed an orc knight
  1687 | D        | Killed an orc knight
  1976 | D        | Bought a pair of heavily runed boots for 294 gold pieces
  1976 | D        | Identified the +2 pair of boots of Recklessness {*Slow
                  | rN++} (You bought it in a shop in the Dungeon)
  2050 | D        | Noticed an orc sorcerer
  2057 | D        | Killed an orc sorcerer
  2059 | D        | Noticed an orc knight
  2071 | D        | Killed an orc knight
  2172 | D        | Found Koamis's Antique Weapon Boutique.
  2172 | D        | Noticed an orc knight
  2172 | D        | Noticed an orc knight
  2267 | D        | Killed an orc knight
  2271 | D        | Killed an orc knight
  2456 | D        | Noticed an orc knight
  2471 | D        | Killed an orc knight
  2650 | D        | Reached skill level 10 in Evocations
  2654 | D        | Found Emnuhuge's Jewellery Shop.
  2658 | D        | Found Kuavy's Book Boutique.
  2660 | D        | Noticed an orc knight
  2661 | D        | Found Kohidgh's Distillery.
  2663 | D        | Noticed an orc knight
  2668 | D        | Killed an orc knight
  2683 | D        | Killed an orc knight
  2962 | D        | Bought a potion of invisibility for 112 gold pieces
  2962 | D        | Bought a potion of heal wounds for 70 gold pieces
  2962 | D        | Bought a potion of curing for 42 gold pieces
  2962 | D        | Bought a potion of curing for 42 gold pieces
  2962 | D        | Bought a potion of curing for 42 gold pieces
  2962 | D        | Bought a potion of curing for 42 gold pieces
  2962 | D        | Bought a potion of might for 56 gold pieces
  2962 | D        | Bought a potion of berserk rage for 70 gold pieces
  2962 | D        | Bought a potion of berserk rage for 70 gold pieces
  3068 | D        | Bought a glowing cloak for 232 gold pieces
  3068 | D        | Bought a runed cloak for 232 gold pieces
  3175 | D        | Noticed Harold
  3186 | D        | Killed Harold
  3448 | D        | Noticed a harpy
  3448 | D        | Noticed a tengu warrior
  3448 | D        | Noticed a centaur warrior
  3448 | D        | Noticed an ogre mage
  3452 | D        | Reached skill level 10 in Dodging
  3452 | D        | Reached XP level 12. HP: 125/125 MP: 11/11
  3456 | D        | Noticed a stone giant
  3457 | D        | Killed an ogre mage
  3463 | D        | Killed a centaur warrior
  3464 | D        | Noticed a deep troll shaman
  3471 | D        | Killed a tengu warrior
  3475 | D        | Noticed a stone giant
  3480 | D        | Killed a stone giant
  3484 | D        | Noticed an ettin
  3485 | D        | Noticed a fire dragon
  3487 | D        | Noticed a lich
  3501 | D        | Killed a deep troll shaman
  3514 | D        | Killed a stone giant
  3522 | D        | Killed a lich
  3530 | D        | Killed an ettin
  3538 | D        | Killed a fire dragon
  3539 | D        | Reached skill level 15 in Shields
  3870 | D        | Noticed Kirke
  3889 | D        | Killed Kirke
  3987 | D        | Noticed a merfolk impaler
  3994 | D        | Killed a merfolk impaler
  4030 | D        | Reached XP level 13. HP: 122/138 MP: 12/12
  4127 | D        | Bought a tin of tremorstones (2/2) for 840 gold pieces
  4138 | D        | Noticed an entropy weaver
  4138 | D        | Noticed an entropy weaver
  4140 | D        | Killed an entropy weaver
  4171 | D        | Killed an entropy weaver
  4386 | D        | Reached skill level 15 in Dodging
  4418 | D        | Noticed a bunyip
  4418 | D        | Noticed a bunyip
  4420 | D        | Noticed a bunyip
  4432 | D        | Killed a bunyip
  4438 | D        | Killed a bunyip
  4670 | D        | Killed a bunyip
  4784 | D        | Noticed Nergalle
  4799 | D        | Killed Nergalle
  4805 | D        | Bought a glowing kite shield for 307 gold pieces
  4833 | D        | Noticed Frances
  4843 | D        | Killed Frances
  4887 | D        | Noticed a sphinx
  4887 | D        | Noticed an ettin
  4887 | D        | Noticed a fire dragon
  4887 | D        | Noticed a frost giant
  4887 | D        | Noticed a cyan very ugly thing
  4891 | D        | Killed a cyan very ugly thing
  4892 | D        | Killed a frost giant
  4893 | D        | Noticed an ettin
  4895 | D        | Killed a fire dragon
  4896 | D        | Killed an ettin
  4897 | D        | Reached XP level 14. HP: 137/152 MP: 13/13
  4898 | D        | Killed a sphinx
  4900 | D        | Noticed a stone giant
  4902 | D        | Noticed a frost giant
  4903 | D        | Noticed a stone giant
  4915 | D        | Killed a stone giant
  4920 | D        | Killed a frost giant
  4927 | D        | Killed a stone giant
  5067 | D        | Noticed an ironbound preserver
  5067 | D        | Noticed a vault warden
  5069 | D        | Noticed an ironbound preserver
  5072 | D        | Killed a vault warden
  5073 | D        | Killed an ironbound preserver
  5074 | D        | Reached skill level 15 in Evocations
  5076 | D        | Killed an ironbound preserver
  5088 | D        | Noticed a vault warden
  5098 | D        | Killed a vault warden
  5100 | D        | Noticed a vault warden
  5392 | D        | Noticed an ironbound preserver
  5402 | D        | Killed a vault warden
  5413 | D        | Killed an ironbound preserver
  5500 | D        | Noticed Jory
  5501 | D        | Noticed Mara
  5506 | D        | Noticed wilfster70's illusion
  5513 | D        | Killed from afar by Jory

Illustrated notes

Levels and vault maps discovered:
D:        linesprint [early_d, line_temple, items_1, d_10, items_2, lair_1,
          lair_end, items_3, orc_1, orc_end, items_4, d_15, swamp_1, shoals_1,
          snake_1, spider_1, d_20, vaults_1, items_5, swamp_end, shoals_end,
          snake_end, spider_end, vaults_end, d_27, items_6, zot_1, zot_end,
          crypt_end, forest_end, elf_end, slime_end, tomb_end, abyss_end,
          pan_hell_end]

Skill      XL: |  1  2  3  4  5  6  7  8  9 10 11 12 13 14 |
---------------+-------------------------------------------+-----
Fighting       | 4 6 8 10 11 13 15 17 19 21 23 | 23.5
Axes           | 5 7 8 10 11 14 15 17 18 | 18.0
Armour         | 4 6 8 10 11 13 15 16 18 21 23 | 23.0
Shields        | 4 6 8 10 11 12 16 18 21 | 21.0
Dodging        | 3 8 10 13 16 18 | 18.6
Evocations     | 12 13 15 | 15.7

Action                   |  1- 3 |  4- 6 |  7- 9 | 10-12 | 13-15 || total
-------------------------+-------+-------+-------+-------+-------++-------
Melee: War axe           |    15 |     3 |       |       |       ||    18
       Headbutt          |     1 |     3 |    12 |    89 |    39 ||   144
       Broad axe         |       |    21 |    53 |   323 |   140 ||   537
       Morningstar       |       |       |       |     4 |       ||     4
Invok: Call Merchant     |       |       |       |     4 |     3 ||     7
       Potion Petition   |       |       |       |     2 |       ||     2
Evoke: Wand              |       |       |       |     7 |     5 ||    12
       Tin of tremorston |       |       |       |       |    32 ||    32
  Use: Potion            |     1 |       |     5 |     1 |       ||     7
       Scroll            |       |       |     4 |     5 |       ||     9
 Stab: Distracted        |       |     1 |       |     3 |       ||     4
Armor: Scale mail        |     7 |       |       |       |       ||     7
       Chain mail        |       |     7 |    21 |    57 |       ||    85
       Plate armour      |       |       |       |    50 |    83 ||   133
Dodge: Dodged            |     4 |    11 |    10 |    87 |    39 ||   151
Block: Buckler           |     5 |     4 |     8 |    56 |    18 ||    91
       Kite shield       |       |       |       |       |    23 ||    23

Table legend: (Time is in decaauts)
 A = Elapsed time spent in this place.
 B = Non-inter-level travel time spent in this place.
 C = Inter-level travel time spent in this place.
 D = Time resting spent in this place.
 E = Time spent auto-exploring this place.
 F = Levels seen in this place.
 G = Mean time per level.
                   A        B        C        D        E       F      G
               +--------+--------+--------+--------+--------+-----+--------+
         Total |   5395 |   5320 |     75 |   2926 |    495 |   1 | 5395.0 |
       Dungeon |   5395 |   5320 |     75 |   2926 |    495 |   1 | 5395.0 |
               +--------+--------+--------+--------+--------+-----+--------+

Top non-repeatable levels by time:
       D: 5395 daAuts
